 Dungeon Crawl Stone Soup version 0.25.0-11-g1f837a76a1 (webtiles) character file.

Game seed: 5041477548480705552

42 Flugkiller the Sneak (level 3, -6/17 HPs)
             Began as a Spriggan Enchanter on June 27, 2020.
             Killed from afar by an orc wizard (9 damage)
             ... with a magic dart
             ... on level 3 of the Dungeon.
             The game lasted 00:03:55 (1551 turns).

Flugkiller the Sneak (Spriggan Enchanter)           Turns: 1551, Time: 00:03:55

Health: -6/17      AC:  2    Str:  6    XL:     3   Next: 35%
Magic:  1/8        EV: 18    Int: 16    God:
Gold:   50         SH:  0    Dex: 17    Spells: 4/7 levels left

rFire    . . .     SeeInvis +   h - +0 dagger (vamp)
rCold    . . .     Gourm    .   (shield restricted)
rNeg     . . .     Faith    .   b - +0 robe
rPois    +         Spirit   .   (helmet restricted)
rElec    .         Reflect  .   (no cloak)
rCorr    .         Harm     .   (gloves unavailable)
MR       .....                  (boots unavailable)
Stlth    ++++......             (no amulet)
HPRegen  0.05/turn              e - ring of poison resistance
MPRegen  0.11/turn              (no ring)

@: very slightly contaminated, very quick
A: very small, unfitting armour, see invisible, herbivore, speed 3, sense
surroundings 1, robust 1, slow metabolism 2, strong 1
a: no special abilities


You were on level 3 of the Dungeon.
You were not hungry.

You visited 1 branch of the dungeon, and saw 3 of its levels.

You collected 50 gold pieces.

Inventory:

Hand Weapons
 a - a +1 dagger
 h - a +0 vampiric dagger (weapon)
   (You found it on level 3 of the Dungeon)
Armour
 b - a +0 robe (worn)
Jewellery
 e - a ring of poison resistance (left hand)
   (You found it on level 2 of the Dungeon)
Scrolls
 c - a scroll of identify {unknown}
 f - a scroll of teleportation {unknown}
Comestibles
 d - 4 rations


   Skills:
 - Level 1.1 Short Blades
 - Level 3.0 Dodging
 + Level 6.9 Stealth
 - Level 2.6 Spellcasting
 - Level 3.6 Hexes


You had 4 spell levels left.
You knew the following spells:

 Your Spells              Type           Power        Failure   Level  Hunger
a - Corona                Hex            ##.....      4%          1    #......
b - Ensorcelled Hibernat  Hex/Ice        #.....       14%         2    ##.....

Your spell library contained the following spells:

 Spells                   Type           Power        Failure   Level  Hunger
 Confusing Touch          Hex            ##......     13%         3    ###....
 Tukima's Dance           Hex            ##......     13%         3    ###....
 Dazzling Flash           Conj/Hex       #.....       28%         3    ###....


Dungeon Overview and Level Annotations

Branches:
Dungeon (3/15)

Altars:

Annotations:
D:3 3 runed translucent doors, p0werm0de's ghost, amateur DDFi


Innate Abilities, Weirdness & Mutations

You are very small and have problems with some larger weapons.
You are too small for most types of armour.
You have supernaturally acute eyesight. (SInv)
You are a herbivore.
You cover ground extremely quickly.
You need to consume almost no food.
You passively map a small area around you.
You are robust. (+10% HP)
Your muscles are strong. (Str +2)


Message History

The orc wizard resists with some effort.
Casting: Ensorcelled Hibernation (safe; 14% risk of failure)
Confirm with . or Enter, or press ? or * to list all spells.
Aiming: Ensorcelled Hibernation (safe; 14% risk of failure)
Press: ? - help, Shift-Dir - straight line, f/p - orc wizard
Aim: an orc wizard, wielding a +0 dagger and wearing a +0 robe (chance to defeat MR: 38%)
You miscast Ensorcelled Hibernation.
You are very lightly contaminated with residual magic.
Nothing appears to happen.
The orc wizard barely misses you.
Casting: Ensorcelled Hibernation (safe; 14% risk of failure)
Confirm with . or Enter, or press ? or * to list all spells.
Aiming: Ensorcelled Hibernation (safe; 14% risk of failure)
Press: ? - help, Shift-Dir - straight line, f/p - orc wizard
Aim: an orc wizard, wielding a +0 dagger and wearing a +0 robe (chance to defeat MR: 38%)
You miscast Ensorcelled Hibernation.
Nothing appears to happen.
The orc wizard points at you and mumbles some strange words.
The magic dart hits you!
Ouch! That really hurt!
* * * LOW HITPOINT WARNING * * *
Casting: Ensorcelled Hibernation (safe; 14% risk of failure)
Confirm with . or Enter, or press ? or * to list all spells.
Aiming: Ensorcelled Hibernation (safe; 14% risk of failure)
Press: ? - help, Shift-Dir - straight line, f/p - orc wizard
Aim: an orc wizard, wielding a +0 dagger and wearing a +0 robe (chance to defeat MR: 38%)
The orc wizard resists with some effort.
The orc wizard gestures wildly while chanting.
The orc wizard seems to speed up.
You hit the orc wizard but do no damage.
The orc wizard casts a cantrip, but nothing happens.
The orc wizard hits you with a +0 dagger.
* * * LOW HITPOINT WARNING * * *
You hit the orc wizard but do no damage.
The orc wizard closely misses you.
Unknown command.
It was a potion of mutation.
You feel extremely strange.
You feel stronger.
You feel a strange attunement to the structure of the dungeons.
You feel robust. The orc wizard completely misses you.
Unknown command.
An orc comes into view. It is wielding a +0 hand axe.
An orc comes into view. It is wielding a +0 falchion.
An orc comes into view. It is wielding a -1 hand axe.
The orc wizard looks encouraged for a moment.
The orc closely misses you.
A hobgoblin comes into view.
The orc wizard points at you and mumbles some strange words.
The magic dart hits you!
Ouch! That really hurt!
You die...

#....##.#
####.#..#
####...#
##.....##
#..##.##
#.###g####
###o# #!o..#
##...######.#
#..@.o# #
#####.o.....
* ######g ,
,, , * , ,


You could see an orc wizard (fast) and 2 orcs.

Vanquished Creatures
  An adder (D:2)
  A worm (D:2)
  A leopard gecko (D:3)
  5 orcs
  A giant cockroach (D:2)
  A hobgoblin (D:2)
  6 jackals
  A quokka (D:2)
  2 ball pythons (D:2)
  2 kobolds (D:2)
  2 rats
23 creatures vanquished.

Vanquished Creatures (others)
  3 fungi (D:3)
  A plant (D:3)
4 creatures vanquished.

Grand Total: 27 creatures vanquished

Notes
Turn   | Place    | Note
-------+----------+-------------------------------------------
     0 | D:1      | Flugkiller the Spriggan Enchanter began the quest for the
                  | Orb.
     0 | D:1      | Reached XP level 1. HP: 9/9 MP: 5/5
   277 | D:2      | Reached skill level 5 in Stealth
   314 | D:2      | Reached XP level 2. HP: 3/13 MP: 6/6
   320 | D:2      | Learned a level 2 spell: Ensorcelled Hibernation
   873 | D:2      | Reached skill level 6 in Stealth
   949 | D:3      | Found a runed translucent gate.
   949 | D:3      | Found a runed translucent gate.
   949 | D:3      | Found a runed translucent gate.
  1243 | D:2      | Reached XP level 3. HP: 16/16 MP: 8/8
  1314 | D:3      | Noticed a big kobold
  1314 | D:3      | Noticed p0werm0de's ghost (amateur DDFi)
  1315 | D:3      | Noticed a big kobold
  1316 | D:3      | Noticed a big kobold
  1543 | D:3      | Gained mutation: Your muscles are strong. (Str +2) [potion
                  | of mutation]
  1543 | D:3      | Gained mutation: You passively map a small area around you.
                  | [potion of mutation]
  1543 | D:3      | Gained mutation: You are robust. (+10% HP) [potion of
                  | mutation]
  1551 | D:3      | Killed from afar by an orc wizard

Illustrated notes

Levels and vault maps discovered:
D:1:      psy_arrival_spokes, layout_basic
D:2:      layout_basic, st_stairs_13
D:3:      layout_rooms, gammafunk_ghost_nasty_kobolds

Skill      XL: |  1  2 |
---------------+-------+-----
Stealth        | 5 6 |  6.9
Short Blades   | |  1.1
Dodging        | |  3.0
Spellcasting   | |  2.6
Hexes          | |  3.6

Action                   || total
-------------------------++-------
Melee: Dagger            ||    82
 Cast: Corona            ||     8
       Ensorcelled Hiber ||    18
  Use: Potion            ||     1
 Stab: Sleeping          ||    14
Armor: Robe              ||     9
Dodge: Dodged            ||   116
